 Dungeon Sprint DCSS version 0.21-a0-349-g0c35859 (webtiles) character file.

1825 Kidiri the Basher (level 8, -4/79 HPs)
             Began as a White Draconian Gladiator on Oct 7, 2017.
             Was an Elder of Trog.
             Slain by a blink frog (10 damage)
             ... in the Dungeon (Sprint IX: "|||||||||||||||||||||||||||||").
             The game lasted 00:09:45 (899 turns).

Kidiri the Basher (White Draconian Gladiator)        Turns: 899, Time: 00:09:46

Health: -4/79      AC:  8    Str: 19    XL:     8   Next: 86%
Magic:  10/10      EV: 18    Int: 11    God:    Trog [****..]
Gold:   19         SH:  0    Dex: 13    Spells: 7/7 levels left

rFire    + . .     SeeInvis +   a - +2 morningstar (drain)
rCold    + . .     Gourm    .   (no shield)
rNeg     . . .     Faith    .   (armour unavailable)
rPois    .         Spirit   .   b - +0 hat
rElec    .         Reflect  .   (no cloak)
rCorr    .         Harm     .   (no gloves)
MR       .....     NoTele   +   (no boots)
Stlth    ++........             (no amulet)
HPRegen  0.23/turn              n - +2 ring of protection
MPRegen  0.12/turn              o - +3 ring of intelligence

@: berserk cooldown, slowed, very slow
A: breathe frost, unfitting armour, see invisible, cold resistance 1, fire
resistance 1, cold-blooded, AC +6
a: Breathe Frost, Berserk, Trog's Hand, Brothers in Arms, Burn Spellbooks,
Renounce Religion


You were in the Dungeon.
You worshipped Trog.
Trog was greatly pleased with you.
You were near starving.

You visited 1 branch You collected 19 gold pieces.

Inventory:

Hand Weapons
 a - a +2 morningstar of draining (weapon)
Missiles
 c - a throwing net (quivered)
Armour
 b - a +0 hat (worn)
Jewellery
 n - a +2 ring of protection (left hand)
 o - a +3 ring of intelligence (right hand)
Wands
 m - a wand of iceblast (7/15)
 q - a wand of digging (14/24)
Scrolls
 j - 4 scrolls of blinking
 l - 4 scrolls of remove curse
 p - 3 scrolls of recharging
 r - 2 scrolls of enchant weapon
Potions
 e - 7 potions of curing
 f - a potion of heal wounds
 g - a potion of haste
 h - 4 potions of magic
 k - a potion of might
Comestibles
 d - a bread ration


   Skills:
 * Level 9.7 Fighting
 * Level 13.2 Maces & Flails
 + Level 5.5 Throwing
 * Level 9.8 Dodging
 - Level 1.0 Stealth
 + Level 2.9 Evocations


You had 7 spell levels left.
You didn't know any spells.

Dungeon Overview and Level Annotations

Branches:
Dungeon (1/1)

Altars:
Cheibriados
Dithmenos
Elyvilon
Fedhas
Gozag
Hepliaklqana
Kikubaaqudgha
Makhleb
Nemelex Xobeh
Okawaru
Qazlal
Ru
Sif Muna
Trog
Uskayaw
Vehumet
Wu Jian
Xom
Yredelemnul
Zin
The Shining One
Beogh
Jiyva
Lugonu


Innate Abilities, Weirdness & Mutations

You can breathe waves of freezing cold.
You can buffet flying creatures when you breathe cold.
Your icy white scales are hard. (AC +6)
You cannot fit into any form of body armour.
Your flesh is cold resistant. (rC+)
You are cold-blooded and may be slowed by cold attacks.
You have supernaturally acute eyesight. (SInv)
Your flesh is heat resistant. (rF+)


Message History

* * * LOW HITPOINT WARNING * * *
The blink frog blinks!
The wolf completely misses you. The wolf misses you.
Unknown command.
The wolf bites you but does no damage. The blink frog hits you!
* * * LOW HITPOINT WARNING * * *
The wolf bites you but does no damage.
There is an open door to the Lair, spattered with blood here.
Unknown command.
Unknown command.
Unknown command.
Unknown command.
Unknown command.
Unknown command.
Unknown command.
Unknown command.
Unknown command.
You closely miss the wolf. You tail-slap the wolf.
The wolf is almost dead.
The blink frog hits you!
You die...

▓.▓.▓.▓
▓.▓.▓.▓
▓.▓.▓.▓
▓.▓.▓'▓
▓.▓.▓_▓
▓.▓.▓_▓
▓.▓.▓_▓
▓F▓.▓_▓
▓@▓.▓_▓
▓h▓.▓_▓
▓†▓.▓_▓
▓.▓.▓_▓
▓.▓.▓_▓
▓.▓.▓_▓
▓.▓.▓_▓
▓.▓.▓_▓
▓.▓.▓_▓


You could see a blink frog and a wolf.

Vanquished Creatures
  A blink frog (D)
  A slime creature (D)
  A wyvern (D)
  A wraith (D)
  A basilisk (D)
  A yak (D)
  A water moccasin (D)
  An eye of draining (D)
  2 orc warriors (D)
  A wolf (D)
  An ogre (D)
  A crocodile (D)
  2 bullfrogs (D)
  A scorpion (D)
  A crimson imp (D)
  A worker ant (D)
  2 adders (D)
  A shadow imp (D)
  An adder skeleton (D)
  A dart slug (D)
  An orc (D)
  A bat zombie (D)
  A frilled lizard (D)
  A kobold (D)
  2 rats (D)
29 creatures vanquished.

Notes
Turn   | Place    | Note
-------+----------+-------------------------------------------
     0 | D        | Kidiri the Draconian Gladiator began the quest for the Orb.
     0 | D        | Reached XP level 1. HP: 17/17 MP: 1/1
    26 | D        | Noticed a scorpion
    34 | D        | Killed a scorpion
    34 | D        | Reached skill level 5 in Maces & Flails
    34 | D        | Reached XP level 2. HP: 22/26 MP: 2/2
    34 | D        | Reached XP level 3. HP: 25/31 MP: 3/3
    40 | D        | Reached skill level 5 in Dodging
    40 | D        | Reached XP level 4. HP: 34/40 MP: 4/4
    43 | D        | Reached skill level 6 in Maces & Flails
    55 | D        | Found a roughly hewn altar of Beogh.
    55 | D        | Found a snail-covered altar of Cheibriados.
    55 | D        | Found a shadowy altar of Dithmenos.
    55 | D        | Found a white marble altar of Elyvilon.
    55 | D        | Found a blossoming altar of Fedhas.
    55 | D        | Found an opulent altar of Gozag.
    56 | D        | Found a hazy altar of Hepliaklqana.
    57 | D        | Found a viscous altar of Jiyva.
    58 | D        | Found an ancient bone altar of Kikubaaqudgha.
    59 | D        | Found a corrupted altar of Lugonu.
    60 | D        | Found a burning altar of Makhleb.
    61 | D        | Found a sparkling altar of Nemelex Xobeh.
    62 | D        | Found an iron altar of Okawaru.
    63 | D        | Found a stormy altar of Qazlal.
    64 | D        | Found a sacrificial altar of Ru.
    65 | D        | Found a deep blue altar of Sif Muna.
    66 | D        | Found a bloodstained altar of Trog.
    67 | D        | Found a hide-covered altar of Uskayaw.
    68 | D        | Found a radiant altar of Vehumet.
    69 | D        | Found an ornate altar of the Wu Jian Council.
    70 | D        | Found a shimmering altar of Xom.
    71 | D        | Found a basalt altar of Yredelemnul.
    72 | D        | Found a glowing silver altar of Zin.
    73 | D        | Found a glowing golden altar of the Shining One.
    74 | D        | Became a worshipper of Trog the Wrathful
   196 | D        | Noticed a wraith
   196 | D        | Noticed a wyvern
   196 | D        | Noticed an orc warrior
   212 | D        | Killed a wraith
   212 | D        | Reached skill level 5 in Fighting
   212 | D        | Reached skill level 8 in Maces & Flails
   212 | D        | Reached XP level 5. HP: 48/48 MP: 5/5
   220 | D        | Reached * piety under Trog
   225 | D        | Killed a wyvern
   225 | D        | Reached skill level 10 in Maces & Flails
   225 | D        | Reached XP level 6. HP: 31/58 MP: 6/6
   231 | D        | Killed an orc warrior
   231 | D        | Reached ** piety under Trog
   441 | D        | Noticed a yak
   441 | D        | Noticed an orc warrior
   441 | D        | Noticed a slime creature
   443 | D        | Your scales start taking on an icy white colour.
   443 | D        | Reached XP level 7. HP: 66/66 MP: 7/7
   443 | D        | Gained mutation: Your flesh is cold resistant. (rC+) [White Draconian growth]
   446 | D        | Killed a yak
   446 | D        | Reached skill level 11 in Maces & Flails
   450 | D        | Reached *** piety under Trog
   450 | D        | Reached skill level 12 in Maces & Flails
   461 | D        | Killed a slime creature
   461 | D        | Reached skill level 1 in Stealth
   461 | D        | Reached XP level 8. HP: 11/75 MP: 5/8
   854 | D        | Gained mutation: Your mind is acute. (Int +2) [potion of mutation]
   855 | D        | Lost mutation: Your mind is acute. (Int +2) [potion of mutation]
   855 | D        | Gained mutation: Your flesh is heat resistant. (rF+) [potion of mutation]
   855 | D        | Gained mutation: You have supernaturally acute eyesight. (SInv) [potion of mutation]
   856 | D        | Noticed a blink frog
   863 | D        | Killed a blink frog
   863 | D        | Reached skill level 1 in Evocations
   864 | D        | Reached **** piety under Trog
   864 | D        | Reached skill level 5 in Throwing
   866 | D        | Reached skill level 13 in Maces & Flails
   868 | D        | Noticed a blink frog
   869 | D        | Received a gift from Trog
   888 | D        | Received a gift from Trog
   899 | D        | Slain by a blink frog

Vault maps used:
D:        linesprint

Skill      XL: |  1  2  3  4  5  6  7  8 |
---------------+-------------------------+-----
Dodging        | 4 5 6 7 8 9 |  9.8
Throwing       | 2 3 4 5 |  5.5
Fighting       | 3 5 6 7 8 9 |  9.7
Maces & Flails | 5 8 10 12 13 | 13.2
Stealth        | 1 |  1.0
Evocations     | 2 |  2.9

Action                   |  1- 3 |  4- 6 |  7- 9 || total
-------------------------+-------+-------+-------++-------
Melee: Flail             |    21 |     3 |       ||    24
       Tailslap          |     3 |     4 |     8 ||    15
       Morningstar       |       |    30 |    54 ||    84
Throw: Throwing net      |     1 |     1 |       ||     2
Invok: Berserk           |       |     2 |     1 ||     3
 Abil: Breathe Frost     |       |       |     1 ||     1
  Use: Potion            |     1 |     3 |     2 ||     6
  Eat: Chunk             |       |       |     1 ||     1
Armor: Skin              |     1 |    14 |    10 ||    25
Dodge: Dodged            |    14 |    29 |    48 ||    91

Table legend:
 A = Spawn XP
 B = Non-spawn XP
 C = Spawn XP percentage of total XP
 D = Spawn monster count
 E = Non-spawn monster count
 F = Spawn count percentage of total count
 G = Total turns spent on level
                    A         B        C        D         E        F      G
               +---------+---------+-------+---------+---------+-------+---------
         Total |       0 |    2608 |   0.0 |       0 |      29 |   0.0 |   899
               +---------+---------+-------+---------+---------+-------+---------
             D |       0 |    2608 |   0.0 |       0 |      29 |   0.0 |   899
               +---------+---------+-------+---------+---------+-------+---------
